 Dungeon Crawl Stone Soup version 0.31-a0-854-g362426d53f (webtiles) character file.

Game seed: 15787041412363634480

39 CowFu the Covert (level 3, -3/35 HPs)
             Began as a Gnoll Delver on Oct 9, 2023.
             Slain by an orc
             ... wielding a +0 hand axe
              (4 damage)
             ... on level 3 of the Dungeon.
             The game lasted 00:01:48 (476 turns).

CowFu the Covert (Gnoll Delver)                      Turns: 476, Time: 00:01:48

Health: -3/35      AC:  3    Str: 13    XL:     3   Next: 47%
Magic:  4/4        EV: 13    Int:  9    God:
Gold:   22         SH:  0    Dex: 13    Spells: 3/3 levels left

rFire   . . .        a - +0 spear
rCold   . . .        (no shield)
rNeg    . . .        b - +0 leather armour
rPois   .            (no helmet)
rElec   .            (no cloak)
rCorr   .            (no gloves)
SInv    .            (no boots)
Will    .....        (no amulet)
Stlth   ++++         (no ring)
HPRegen 0.25/turn    (no ring)
MPRegen 0.09/turn

%: no passive effects
@: no status effects
A: fangs 1, strong nose, distributed training
a: no special abilities


You were on level 3 of the Dungeon.
You visited 1 branch of the dungeon, and saw 3 of its levels.

You collected 22 gold pieces.

Inventory:

Hand Weapons
 a - a +0 spear (weapon)
Armour
 b - a +0 leather armour (worn)
Wands
 g - a wand of digging (3)
Scrolls
 c - a scroll of fog
 d - a scroll of revelation
 e - a scroll of fear
Potions
 f - a potion of haste
 h - a potion of curing {unknown}
 i - a potion of might {unknown}


   Skills:
 + Level 6.5 Fighting
 + Level 0.8 Short Blades
 + Level 0.8 Long Blades
 + Level 0.8 Axes
 + Level 0.8 Maces & Flails
 + Level 4.5 Polearms
 + Level 0.8 Staves
 + Level 0.8 Ranged Weapons
 + Level 0.8 Throwing
 + Level 0.8 Armour
 + Level 4.5 Dodging
 + Level 9.6 Stealth
 + Level 0.8 Shields
 + Level 0.8 Unarmed Combat
 + Level 0.8 Spellcasting
 + Level 0.5 Conjurations
 + Level 0.5 Hexes
 + Level 0.5 Summonings
 + Level 0.5 Necromancy
 + Level 0.5 Translocations
 + Level 0.5 Transmutations
 + Level 0.5 Fire Magic
 + Level 0.5 Ice Magic
 + Level 0.5 Air Magic
 + Level 0.5 Earth Magic
 + Level 0.5 Poison Magic
 + Level 1.0 Invocations
 + Level 0.8 Evocations
 + Level 0.7 Shapeshifting


You had 3 spell levels left.
You didn't know any spells.
Your spell library was empty.

Dungeon Overview and Level Annotations

Branches:
Dungeon (5/15)
 Temple: D:4-7

Altars:

Shops:
D:5 (

Annotations:
D:5 Edmund, Grinder


Innate Abilities, Weirdness & Mutations

You have very sharp teeth.
Your uncanny sense of smell can sniff out nearby items.
Your experience applies equally to all skills.


Message History

You hear the sound of rushing water.
There is an entrance to a sewer on this level.
Hurry and find it before the portal rusts away!
The orc shouts! x2
The endoplasm quivers.
The orc wizard shouts!
Found 25 gold pieces, a scroll labelled GENIRA DETAYL and a pair of gloves.
There is a stone staircase leading down here.
You hit the orc wizard but do no damage.
Your bite misses the orc wizard.
A quokka comes into view.
You hit the orc wizard.
The orc wizard is lightly wounded.
The orc wizard hits you but does no damage.
You closely miss the orc wizard. Your punch misses the orc wizard.
You bite the orc wizard, but do no damage.
The orc wizard is lightly wounded.
The orc hits you with a +0 hand axe.
A quokka comes into view.
The orc closely misses you.
The orc wizard hits you with a +0 dagger.
You are too injured to fight recklessly!
You are too injured to fight recklessly!
You are too injured to fight recklessly!
You are too injured to fight recklessly!
The orc hits you with a +0 hand axe.
* * * LOW HITPOINT WARNING * * *
The endoplasm attacks as it pursues you!
The endoplasm closely misses you.
The orc wizard attacks as it pursues you!
The orc wizard hits you with a +0 dagger.
* * * LOW HITPOINT WARNING * * *
The orc barely misses you.
The endoplasm attacks as it pursues you!
The endoplasm closely misses you. The orc attacks as it pursues you!
The orc hits you with a +0 hand axe.
* * * LOW HITPOINT WARNING * * *
The quokka twitches its whiskers.
A quokka comes into view.
The orc attacks as it pursues you! The orc hits you with a +0 hand axe.
You die...

#######
#########.$.....
##...#.Jo@.#
##.......or##
#.......o...#
#.$...>.r...#
#....^.........
##.....?...####
##...#.r###
#####.#. #...~


You could see an orc wizard, 2 orcs, an endoplasm and 3 quokkas.

Vanquished Creatures
  3 adders (D:5)
  A dart slug (D:4)
  2 orcs
  A ball python (D:4)
  An endoplasm (D:4)
  A goblin (D:4)
  A jackal (D:5)
10 creatures vanquished.

Notes
Turn   | Place    | Note
-------+----------+-------------------------------------------
     0 | D:5      | Reached skill level 9 in Stealth
     0 | D:5      | CowFu the Gnoll Delver began the quest for the Orb.
     0 | D:5      | Reached XP level 1. HP: 23/23 MP: 1/1
     0 | D:5      | Found Kafril's Weapon Boutique.
     6 | D:5      | Noticed Grinder
    34 | D:5      | Noticed Edmund
    51 | D:5      | Reached XP level 2. HP: 29/29 MP: 2/2
   161 | D:5      | Noticed a scorpion
   295 | D:5      | Noticed a scorpion
   335 | D:5      | Reached XP level 3. HP: 35/35 MP: 2/4
   409 | D:4      | Reached skill level 1 in Invocations
   475 | D:3      | HP: 1/35 [orc/+0 hand axe (5)]
   476 | D:3      | Slain by an orc

Illustrated notes

Levels and vault maps discovered:
D:3:      layout_rooms, vehumet_statue, kennysheep_vampire_church,
          portal_sewer_entry_f
D:4:      layout_loops_ring, minmay_manual_mess, uniq_crazy_yiuf_cottage
D:5:      minmay_general_purpose_star, layout_rooms, lemuel_doored_altar,
          minmay_shop_grid_forest, uniq_menkaure, uniq_grinder, uniq_edmund

Skill      XL: |  1  2  3 |
---------------+----------+-----
Stealth        | |  9.6
Invocations    | 1 |  1.0
Fighting       | |  6.5
Short Blades   | |  0.8
Long Blades    | |  0.8
Axes           | |  0.8
Maces & Flails | |  0.8
Polearms       | |  4.5
Staves         | |  0.8
Ranged Weapons | |  0.8
Throwing       | |  0.8
Armour         | |  0.8
Dodging        | |  4.5
Shields        | |  0.8
Unarmed Combat | |  0.8
Spellcasting   | |  0.8
Conjurations   | |  0.5
Hexes          | |  0.5
Summonings     | |  0.5
Necromancy     | |  0.5
Translocations | |  0.5
Transmutations | |  0.5
Fire Magic     | |  0.5
Ice Magic      | |  0.5
Air Magic      | |  0.5
Earth Magic    | |  0.5
Poison Magic   | |  0.5
Evocations     | |  0.8
Shapeshifting  | |  0.7

Action                     || total
---------------------------++-------
  Melee: Spear             ||    56
         Bite              ||     5
         Punch             ||     1
   Stab: Sleeping          ||     6
 Armour: Leather armour    ||    20
  Dodge: Dodged            ||    25

Table legend: (Time is in decaauts)
 A = Elapsed time spent in this place.
 B = Non-inter-level travel time spent in this place.
 C = Inter-level travel time spent in this place.
 D = Time resting spent in this place.
 E = Time spent auto-exploring this place.
 F = Levels seen in this place.
 G = Mean time per level.
                   A        B        C        D        E       F      G
               +--------+--------+--------+--------+--------+-----+--------+
         Total |    468 |    468 |      0 |      0 |     99 |   3 |  156.0 |
       Dungeon |    468 |    468 |      0 |      0 |     99 |   3 |  156.0 |
               +--------+--------+--------+--------+--------+-----+--------+

Top non-repeatable levels by time:
     D:5: 362 daAuts
     D:4: 100 daAuts
     D:3: 6 daAuts
